 Dungeon Crawl Stone Soup version 0.14.2 (webtiles) character file.

148 Angelo the Bolt Thrower (level 4, -2/32 HPs)
             Began as a Demonspawn Hunter on July 2, 2017.
             Slain by a gnoll
             ... wielding a +1,+1 spear
              (6 damage)
             ... on Level 3 of the Dungeon.
             The game lasted 00:10:32 (1164 turns).

Angelo the Bolt Thrower (Demonspawn Hunter)         Turns: 1164, Time: 00:10:34

HP  -2/32        AC  6     Str 13      XL: 4   Next: 17%
MP   4/4         EV 11     Int 13      God:
Gold 69          SH  4     Dex 13      Spells:  0 memorised,  3 levels left

rFire  . . .     SeeInvis .     b - +1 crossbow
rCold  . . .     Clarity  .     d - +0 leather armour
rNeg   . . .     Conserve .     (no shield)
rPois  .         rCorr    .     (no helmet)
rElec  .         rRot     .     (no cloak)
SustAb . .       Spirit   .     (no gloves)
rMut   .         Warding  .     (no boots)
Saprov . . .     Stasis   .     (no amulet)
MR     .....                    (no ring)
                                (no ring)

@: not resistant to hostile enchantments, unstealthy
A: talons 1, large bone plates 2
a: no special abilities


You were on level 3 of the Dungeon.
You were not hungry.

You visited 1 branch of the dungeon, and saw 3 of its levels.

You collected 69 gold pieces.

Inventory:

Hand weapons
 a - a +0,+0 short sword
 b - a +1,+1 crossbow (weapon)
 e - a +0,+0 dagger
 i - a +0,+0 sling
 m - a +0,+0 mace
 u - a +0,+0 dagger
 w - a +0,+0 mace
 y - a +0,+0 dagger
 A - a +0,+0 short sword
 B - a +0,+0 whip
 C - a +0,+0 sling
Missiles
 g - 15 darts (quivered)
 s - 5 poisoned darts
 v - 2 throwing nets
Armour
 d - a +0 leather armour (worn)
Comestibles
 f - 2 bread rations
 z - 2 meat rations
Scrolls
 h - a scroll of teleportation {unknown}
 l - a scroll of fog {unknown}
 o - a scroll of magic mapping {unknown}
 r - 3 scrolls of identify {unknown}
 D - a scroll of enchant armour {unknown}
Jewellery
 n - a cursed -2 ring of evasion {unknown}
Potions
 j - 2 potions of might {unknown}
 k - a potion of mutation {unknown}
 p - a potion of haste {unknown}
 t - a potion of heal wounds {unknown}
 x - a potion of curing {unknown}
Magical staves
 q - an uncursed staff of summoning {unknown}


   Skills:
 + Level 1.0 Fighting
 + Level 4.9 Crossbows
 + Level 0.3 Armour
 + Level 2.2 Dodging
 + Level 0.8 Stealth


You had 3 spell levels left.
You didn't know any spells.

Dungeon Overview and Level Annotations

Branches:
Dungeon (3/15)

Altars:


Innate Abilities, Weirdness & Mutations

You have sharp toenails.
You are mostly covered in large bone plates (AC +3, SH +4).


Message History

The gnoll closely misses you.
The quokka bites you but does no damage.
The gnoll barely misses you.
Throwing (i - inventory. (,) - cycle):
g - 17 darts (quivered)
Press: ? - help, Shift-Dir - straight line, f/p - gnoll
Aim: a gnoll (severely wounded)
You throw a dart. The dart misses the gnoll.
The dart misses the gnoll.
The gnoll hits you.
* * * LOW HITPOINT WARNING * * *
The quokka barely misses you. You block the gnoll's attack.
Throwing (i - inventory. (,) - cycle):
g - 16 darts (quivered)
Press: ? - help, Shift-Dir - straight line, f/p - gnoll
Aim: a gnoll (severely wounded)
You throw a dart. The dart hits the gnoll.
The gnoll is almost dead.
The gnoll hits you with a flail.
* * * LOW HITPOINT WARNING * * *
The quokka closely misses you. The gnoll hits you but does no damage.
The gnoll hits you from afar with a spear.
You die...

############
###..........#
.............#
...(..........#
.(...(......<.#
<........######
.......r.#
.....#gg@# ...
#.g.# ........#
....##..# ####
#.># .... ....
....? ...


You could see 3 gnolls and a quokka.

Vanquished Creatures
  A gnoll (D:3)
  2 adders (D:2)
  A worm (D:2)
  2 giant geckos (D:2)
  An orc (D:2)
  4 giant cockroaches
  3 hobgoblins
  5 kobolds
  A ball python (D:1)
  3 bats
  8 giant newts (D:2)
  4 goblins
  4 jackals
  3 rats (D:2)
  2 plants (D:2)
44 creatures vanquished.

Notes
Turn   | Place    | Note
--------------------------------------------------------------
     0 | D:1      | Angelo, the Demonspawn Hunter, began the quest for the Orb.
     0 | D:1      | Reached XP level 1. HP: 15/15 MP: 1/1
   141 | D:1      | Reached skill level 4 in Crossbows
   142 | D:1      | Gained mutation: You have sharp toenails. [demonic ancestry]
   142 | D:1      | Reached XP level 2. HP: 21/21 MP: 2/2
   425 | D:2      | Gained mutation: You are partially covered in large bone plates (AC +2, SH +2). [demonic ancestry]
   425 | D:2      | Reached XP level 3. HP: 18/26 MP: 3/3
  1155 | D:3      | Gained mutation: You are mostly covered in large bone plates (AC +3, SH +4). [demonic ancestry]
  1155 | D:3      | Reached XP level 4. HP: 32/32 MP: 4/4
  1164 | D:3      | Slain by a gnoll

Action                   |  1- 3 |  4- 6 || total
-------------------------+-------+-------++-------
Melee: Short sword       |   106 |       ||   106
 Fire: Crossbow          |    69 |     7 ||    76
Throw: Dart              |     4 |     2 ||     6
